 Dungeon Crawl Stone Soup version 0.27-a0-448-gace5c5693b (webtiles) character file.

Game seed: 8531326195898881131

58 rageheart7 the Skirmisher (level 3, 0/28 HPs)
             Began as a Demonspawn Wanderer on Feb 28, 2021.
             Slain by an orc
             ... wielding a +0 falchion
              (9 damage)
             ... on level 3 of the Dungeon.
             The game lasted 00:02:56 (2322 turns).

rageheart7 the Skirmisher (Demonspawn Wanderer)     Turns: 2322, Time: 00:02:56

Health: 0/28       AC:  4    Str: 13    XL:     3   Next: 75%
Magic:  5/5        EV: 12    Int: 12    God:
Gold:   86         SH:  0    Dex: 13    Spells: 4/5 levels left

rFire    + . .     SeeInvis .   a - +2 short sword
rCold    . . .     Faith    .   (no shield)
rNeg     . . .     Spirit   .   d - +0 robe
rPois    .         Reflect  .   h - +2 hat
rElec    .         Harm     .   (no cloak)
rCorr    .         Rampage  .   (no gloves)
Will     .....                  (no boots)
Stlth    ++........             (no amulet)
HPRegen  0.09/turn              (no ring)
MPRegen  0.09/turn              (no ring)

@: no status effects
A: fire resistance 1, MP-powered wands, sturdy frame 1
a: no special abilities


You were on level 3 of the Dungeon.
You visited 1 branch of the dungeon, and saw 3 of its levels.

You collected 86 gold pieces.

Inventory:

Hand Weapons
 a - a +2 short sword (weapon)
Armour
 d - a +0 robe (worn)
 f - a +0 plate armour
 h - a +2 hat (worn)
Jewellery
 b - a ring of flight
 m - a ring of positive energy
Wands
 l - a wand of iceblast (6)
Scrolls
 j - 2 scrolls of fear
Potions
 c - a potion of berserk rage {unknown}
 e - a potion of invisibility {unknown}
 g - 2 potions of mutation
 i - 2 potions of curing {unknown}
 n - a potion of resistance {unknown}


   Skills:
 * Level 2.9 Fighting
 - Level 1.0 Short Blades
 - Level 1.7 Dodging
 - Level 1.0 Stealth
 * Level 0.6 Unarmed Combat
 * Level 1.6 Spellcasting
 * Level 2.6 Transmutations
 - Level 1.0 Evocations


You had 4 spell levels left.
You knew the following spells:

 Your Spells              Type           Power        Failure   Level
a - Beastly Appendage     Tmut           14%          10%         1

Your spell library contained the following spells:

 Spells                   Type           Power        Failure   Level
 Foxfire                  Conj/Fire      0%           28%         1
 Ignite Poison            Fire/Tmut/Pois 3%           52%         3
 Conjure Flame            Conj/Fire      0%           65%         3


Dungeon Overview and Level Annotations

Branches:
Dungeon (3/15)

Altars:
Fedhas


Innate Abilities, Weirdness & Mutations

Your movements are slightly less encumbered by armour. (ER -2)
Your flesh is heat resistant. (rF+)
You expend magic power (3 MP) to strengthen your wands.


Message History

The orc is almost dead.
The jackal closely misses you. The orc hits you but does no damage.
The jackal closely misses you.
You barely miss the orc.
The orc is almost dead.
The orc barely misses you.
The jackal bites you but does no damage.
You barely miss the orc.
The orc is almost dead.
The jackal bites you. The orc misses you. The jackal closely misses you.
You barely miss the orc.
The orc is almost dead.
The orc hits you but does no damage.
The jackal bites you but does no damage.
A hobgoblin comes into view. It is wielding a +0 club.
You barely miss the orc.
The orc is almost dead.
The jackal barely misses you. The orc misses you.
You hit the orc.
You kill the orc!
The jackal closely misses you.
The jackal bites you but does no damage.
You hit the orc.
The orc is lightly wounded.
The jackal completely misses you. The orc hits you with a +0 falchion.
The hobgoblin hits you with a +0 club.
You are too injured to fight recklessly!
You are too injured to fight recklessly!
You are too injured to fight recklessly!
You are too injured to fight recklessly!
You are too injured to fight recklessly!
You are too injured to fight recklessly!
You are too injured to fight recklessly!
You are too injured to fight recklessly!
It was a potion of mutation.
You feel extremely strange.
You feel your magical essence link to the dungeon's wands.
You feel resistant to heat.
The jackal bites you but does no damage.
The hobgoblin hits you with a +0 club. The orc hits you with a +0 falchion!
You die...

#########
.......
#....#
#....#
#...g######
##...@oo.(#
#...#ho..#
#...#o...#
##..##...#
#..# ##.#
##.. ...
##. ... ..


You could see 4 orcs, a jackal and a hobgoblin.

Vanquished Creatures
  An adder (D:2)
  2 worms (D:2)
  A dart slug (D:2)
  A leopard gecko (D:2)
  An orc (D:3)
  5 bats
  A giant cockroach (D:1)
  2 goblins
  4 hobgoblins
  10 jackals
  A ball python (D:1)
  4 kobolds
  3 rats (D:2)
36 creatures vanquished.

Notes
Turn   | Place    | Note
-------+----------+-------------------------------------------
     0 | D:1      | rageheart7 the Demonspawn Wanderer began the quest for the
                  | Orb.
     0 | D:1      | rageheart7 set off with the following items: a +2 short
                  | sword, a +0 robe; and the following spells available to
                  | memorise: Beastly Appendage, Foxfire, Ignite Poison,
                  | Conjure Flame
     0 | D:1      | Reached XP level 1. HP: 16/16 MP: 2/2
    10 | D:1      | Learned a level 1 spell: Beastly Appendage
   558 | D:1      | Gained mutation: Your movements are slightly less
                  | encumbered by armour. (ER -2) [demonic ancestry]
   558 | D:1      | Reached XP level 2. HP: 22/22 MP: 1/3
  1379 | D:2      | Reached XP level 3. HP: 27/28 MP: 3/5
  1685 | D:2      | Found a blossoming altar of Fedhas.
  2322 | D:3      | Gained mutation: You expend magic power (3 MP) to
                  | strengthen your wands. [potion of mutation]
  2322 | D:3      | Gained mutation: Your flesh is heat resistant. (rF+)
                  | [potion of mutation]
  2322 | D:3      | Slain by an orc

Illustrated notes

Levels and vault maps discovered:
D:1:      amcnicky_arrival_gap_in_the_tavern_cellar, layout_basic
D:2:      layout_loops_corners, fedhas_altar_4
D:3:      minmay_recursive_quarters, layout_loops_cross, minmay_misc_feat_doors

Skill      XL: |  1 |
---------------+----+-----
Transmutations | 2 |  2.6
Fighting       | |  2.9
Short Blades   | |  1.0
Dodging        | |  1.7
Stealth        | |  1.0
Unarmed Combat | |  0.6
Spellcasting   | |  1.6
Evocations     | |  1.0

Action                   || total
-------------------------++-------
Melee: Short sword       ||    89
       Kick              ||    13
       Headbutt          ||     7
       Punch             ||     1
 Cast: Beastly Appendage ||    16
  Use: Scroll            ||     4
       Potion            ||     1
Armor: Robe              ||    26
Dodge: Dodged            ||    80

Table legend: (Time is in decaauts)
 A = Elapsed time spent in this place.
 B = Non-inter-level travel time spent in this place.
 C = Inter-level travel time spent in this place.
 D = Time resting spent in this place.
 E = Time spent auto-exploring this place.
 F = Levels seen in this place.
 G = Mean time per level.
                   A        B        C        D        E       F      G
               +--------+--------+--------+--------+--------+-----+--------+
         Total |   2325 |   2239 |     86 |    342 |   1660 |   3 |  775.0 |
       Dungeon |   2325 |   2239 |     86 |    342 |   1660 |   3 |  775.0 |
               +--------+--------+--------+--------+--------+-----+--------+

Top non-repeatable levels by time:
     D:2: 1225 daAuts
     D:1: 1079 daAuts
     D:3: 20 daAuts
